 Dungeon Crawl Stone Soup version 0.24.0-125-gc4c63601f3 (webtiles) character file.

Game seed: 18151846478237887609, levelgen mode: deterministic

183826 Freitmort the Eclecticist (level 17, -4/84 HPs)
             Began as a Deep Elf Fire Elementalist on Feb 18, 2020.
             Was a High Priest of Vehumet.
             Shot with an arrow by a deep elf knight (13 damage)
             ... led by a deep elf high priest
             ... on level 2 of the Elven Halls on Mar 10, 2020.
             The game lasted 06:02:24 (48669 turns).

Freitmort the Eclecticist (DEFE)                   Turns: 48669, Time: 06:02:25

Health: -4/84      AC:  9    Str:  7    XL:     17   Next: 75%
Magic:  0/43       EV: 14    Int: 26    God:    Vehumet [*****.]
Gold:   1642       SH: 10    Dex: 15    Spells: 2/56 levels left

rFire    . . .     SeeInvis .   L - staff of conjuration
rCold    + + .     Gourm    .   I - +3 buckler {rN+}
rNeg     + + .     Faith    .   E - +2 robe {MR+}
rPois    +         Spirit   +   a - +2 hat
rElec    +         Reflect  +   f - scarf {Spirit}
rCorr    +         Harm     .   r - +2 pair of gloves {archery}
MR       ++...                  (no boots)
Stlth    ++++......             C - +3 amulet of reflection
HPRegen  0.24/turn              A - ring of positive energy
MPRegen  0.28/turn              H - ring of ice

@: resistant
A: no striking features
a: Renounce Religion


You were on level 2 of the Elven Halls.
You worshipped Vehumet.
Vehumet was extremely pleased with you.
You were hungry.

You visited 6 branches of the dungeon, and saw 29 of its levels.
You also visited: Bailey and Ice Cave.

You collected 3457 gold pieces.
You spent 1815 gold pieces at shops.

Inventory:

Hand Weapons
 i - the +8 great sword of the Tired People {freeze, Str+4}
   (You found it in an ice cave)

   It has been specially enchanted to freeze those struck by it, causing extra
   injury to most foes and up to half again as much damage against particularly
   susceptible opponents.
   It can also slow down cold-blooded creatures.
   It affects your strength (+4).
 m - the cursed +14 obsidian axe {chop, +Fly SInv *Curse}
   (You found it on level 2 of the Elven Halls)

   It inflicts extra damage upon your enemies.
   It lets you see invisible.
   It lets you fly.
   It curses itself when equipped.
   It has a curse placed upon it.
 K - the +3 flail of Zipt {drain, rPois Dex+3}
   (You found it in an ice cave)

   A truly terrible weapon, it drains the life of those it strikes.
   It affects your dexterity (+3).
   It protects you from poison.
 R - a +5 short sword of speed
Missiles
 g - 147 poisoned darts (quivered)
 M - 8 curare-tipped darts
Armour
 a - a +2 hat (worn)
 f - a scarf of spirit shield (worn)
 r - a +2 pair of gloves of archery (worn)
 E - a +2 robe of magic resistance (worn)
 I - a +3 buckler of positive energy (worn)
 J - a +2 robe of cold resistance
Magical Staves
 L - an uncursed staff of conjuration (weapon)
 T - an uncursed staff of cold
 V - an uncursed staff of wizardry
Jewellery
 d - an uncursed ring of fire
 e - a +5 ring of dexterity
 p - an uncursed ring of flight
 A - a ring of positive energy (left hand)
 C - a +3 amulet of reflection (around neck)
 H - a ring of ice (right hand)
Wands
 x - a wand of iceblast (17)
Scrolls
 b - 9 scrolls of identify
 j - 4 scrolls of enchant armour
 o - 12 scrolls of remove curse
 v - a scroll of enchant weapon
 y - a scroll of magic mapping
 B - a scroll of holy word
 D - 2 scrolls of summoning
 F - 2 scrolls of fear
 G - 8 scrolls of teleportation
 O - 2 scrolls of amnesia
 P - a scroll of noise
 Q - 2 scrolls of silence
 X - a scroll of brand weapon
Potions
 h - a potion of ambrosia
 k - a potion of magic
 l - 4 potions of curing
 n - 2 potions of resistance
 q - 3 potions of cancellation
 s - a potion of might
 t - 2 potions of berserk rage
 W - 5 potions of brilliance
Miscellaneous
 z - a box of beasts
 N - a sack of spiders
 S - a fan of gales
Comestibles
 c - 13 rations


   Skills:
 + Level 2.0 Fighting
 + Level 0.4(0.6) Short Blades
 + Level 0.2(0.4) Long Blades
 + Level 5.2 Dodging
 + Level 7.1 Stealth
 + Level 1.4 Shields
 + Level 20.4 Spellcasting
 + Level 16.7 Conjurations
 + Level 15.4 Fire Magic
 - Level 10.0 Ice Magic
 - Level 10.2 Air Magic
 + Level 7.1 Earth Magic
 * Level 8.9 Poison Magic
 + Level 3.2 Evocations


You had 2 spell levels left.
You knew the following spells:

 Your Spells              Type           Power        Failure   Level  Hunger
a - Flame Tongue          Conj/Fire      #####        0%          1    None
b - Throw Flame           Conj/Fire      ######       0%          2    None
c - Sticky Flame          Conj/Fire      ########     1%          4    None
d - Fireball              Conj/Fire      ########..   1%          5    None
e - Static Discharge      Conj/Air       #######.     1%          3    None
f - Sandblast             Erth           ######       1%          1    None
g - Sting                 Conj/Pois      ####         0%          1    None
h - Magic Dart            Conj           ####         0%          1    None
i - Mephitic Cloud        Conj/Pois/Air  #######.     1%          3    None
j - Throw Icicle          Conj/Ice       ########     1%          4    None
k - Bolt of Magma         Conj/Fire/Erth #######...   1%          5    None
l - Bolt of Fire          Conj/Fire      ########..   1%          6    #......
m - Freezing Cloud        Conj/Ice/Air   ########..   1%          6    #......
n - Poison Arrow          Conj/Pois      #######...   1%          6    #......
o - Iron Shot             Conj/Erth      #######...   1%          6    #......

Your spell library contained the following spells:

 Spells                   Type           Power        Failure   Level  Hunger
 Orb of Destruction       Conj           ########..   1%          7    ####...
 Shock                    Conj/Air       ####         0%          1    None
 Searing Ray              Conj           ######       0%          2    None
 Poisonous Vapours        Pois/Air       ######       1%          2    None
 Swiftness                Chrm/Air       ######..     1%          2    None
 Animate Skeleton         Necr           N/A          2%          1    None
 Apportation              Tloc           ####..       2%          1    None
 Confusing Touch          Hex            ####..       2%          1    None
 Summon Small Mammal      Summ           ####         2%          1    None
 Blink                    Tloc           N/A          3%          2    None
 Call Imp                 Summ           ####....     3%          2    None
 Slow                     Hex            ####....     3%          2    None
 Conjure Flame            Conj/Fire      ########     0%          3    None
 Iskenderun's Mystic Bla  Conj           ########     0%          4    None
 Inner Flame              Hex/Fire       ######..     1%          3    None
 Airstrike                Air            ######....   1%          4    None
 Irradiate                Conj/Tmut      #######...   1%          5    None
 Iskenderun's Battlesphe  Conj/Chrm      #######.     1%          5    None
 Lightning Bolt           Conj/Air       #######...   1%          5    None
 Venom Bolt               Conj/Pois      #######...   1%          5    None
 Summon Lightning Spire   Summ/Air       ######..     2%          4    None
 Summon Guardian Golem    Hex/Summ       ####....     6%          3    None
 Silence                  Hex/Air        ######....   8%          5    None
 Yara's Violent Unravell  Hex/Tmut       ####......   16%         5    None
 Spellforged Servitor     Conj/Summ      #######...   16%         7    ####...
 Cause Fear               Hex            ####......   22%         4    None
 Deflect Missiles         Chrm/Air       ######....   38%         6    #......
 Simulacrum               Ice/Necr       ######....   38%         6    #......
 Ring of Flames           Chrm/Fire      ######....   61%         7    ####...
 Discord                  Hex            ####......   100%        8    ######.


Dungeon Overview and Level Annotations

Branches:
Dungeon (15/15)            Temple (1/1) D:7            Lair (6/6) D:8
 Shoals (3/4) Lair:2       Spider (0/4) Lair:3        Slime (0/5) Lair:5
    Orc (2/2) D:9             Elf (2/3) Orc:2        Vaults (0/5) D:14
 Depths (0/5) D:15         Bailey (visited)           IceCv (visited)

Altars:
Ashenzari
Cheibriados
Dithmenos
Elyvilon
Fedhas
Gozag
Hepliaklqana
Kikubaaqudgha
Makhleb
Nemelex Xobeh
Okawaru
Qazlal
Ru
Sif Muna
Trog
Uskayaw
Vehumet
Wu Jian
Xom
Yredelemnul
Zin
The Shining One
Beogh
Jiyva

Shops:
D:9 *   D:11 !   D:14 !   D:15 [   Orc:2 [*[(   Elf:2 :=:**   Shoals:2 =

Annotations:
D:4 1 runed translucent door, abdbla's ghost, amateur NaAr
D:5 3 runed translucent doors, fritzmikael's ghost, novice OpFi; sneaky's ghost, novice HaHu
D:9 3 runed translucent doors, Thargor's ghost, novice DrGl
Shoals:3 Bai Suzhen


Message History

A deep elf knight appears from thin air!
Reactivating autopickup.
The deep elf knight shoots an arrow.
The arrow hits you!
* * * LOW HITPOINT WARNING * * *
You see here an arrow.
The deep elf knight shoots an arrow.
The arrow closely misses you.
There is an open translucent door here.
Items here: ( )) [ 16 arrows; a +0 leather armour; a +0 dagger; a +0 longbow The sun demon closely misses you.
You feel better. The sun demon barely misses you.
As you read the scroll of fog, it crumbles to dust.
The scroll dissolves into smoke.
The sun demon hits you.
* * * LOW HITPOINT WARNING * * *
You are engulfed in flames!
* * * LOW HITPOINT WARNING * * *
The sun demon disappears in a puff of smoke!
The deep elf knight is no longer moving quickly.
The deep elf knight shoots an arrow.
The arrow hits you!
You die... #<......# ##.##

You could see a deep elf demonologist and a deep elf knight.

Vanquished Creatures
  Jorgrun (Shoals:3)
  An Ice Fiend (IceCv)
  Kirke (D:12)
  A sphinx (D:14)
  Donald (Shoals:2)
  A deep elf sorcerer (Elf:2)
  A caustic shrike skeleton (D:15)
  Louise (Shoals:3)
  2 deep elf demonologists (Elf:1)
  A merfolk javelineer (Shoals:2)
  A fire dragon (D:15)
  A deep elf high priest (Elf:1)
  3 deep elf death magi (Elf:2)
  4 merfolk impalers
  Fannar (D:10)
  5 vault guards (D:14)
  8 hydras
  2 merfolk avatars (Shoals:1)
  Erica (Orc:1)
  2 alligator snapping turtles
  Harold (D:11)
  A catoblepas (Shoals:2)
  A death knight (D:15)
  4 centaur warriors
  2 ogre magi (Orc:2)
  14 two-headed ogres
  A vampire mage (D:15)
  3 death yaks (Shoals:2)
  A satyr (Shoals:3)
  21 dancing weapons
  9 deep elf knights
  A skeletal warrior (D:15)
  3 unseen horrors
  6 deep elf archers
  3 sea snakes
  2 deep trolls (Orc:2)
  A phantasmal warrior (D:15)
  A necromancer (D:15)
  4 ugly things (D:15)
  3 wizards
  52 deep elf magi
  3 orc knights
  9 harpies (Shoals:1)
  A stone giant zombie (D:15)
  An orc sorcerer (Orc:1)
  2 oklob plants (Lair:5)
  4 manticores
  14 fauns
  10 cyclopes
  5 elephants (Lair:5)
  3 black mambas
  5 water nymphs
  Joseph (D:8)
  Psyche (D:9)
  6 centaur zombies
  3 ice statues (IceCv)
  3 gargoyles
  An elf zombie (D:15)
  5 spiny frogs
  An elf skeleton (D:15)
  3 rime drakes
  2 kobold demonologists (D:13)
  10 komodo dragons
  An efreet (D:13)
  8 ice devils (IceCv)
  2 anaconda simulacra (IceCv)
  A freezing wraith (D:15)
  A guardian mummy (D:15)
  13 trolls
  12 merfolk
  A queen bee (shapeshifter) (D:13)
  6 polar bears
  A wind drake (Shoals:1)
  10 hornets
  5 slime creatures
  11 dream sheep
  13 hippogriffs
  9 blink frogs (Lair:3)
  A snapping turtle (Shoals:1)
  Sigmund (D:5)
  3 wraiths
  A shadow (D:13)
  21 spriggans
  2 air elementals
  6 water elementals
  39 yaks
  2 dire elephant simulacra (IceCv)
  5 basilisks
  4 wyverns
  5 hogs (D:12)
  A golden eye (shapeshifter) (Elf:2)
  A fire elemental (Elf:2)
  2 hungry ghosts
  6 humans (D:14)
  6 vampire mosquitoes (D:13)
  4 wargs
  4 harpy simulacra (IceCv)
  An acid dragon (D:11)
  An iron troll simulacrum (IceCv)
  A hydra simulacrum (IceCv)
  A floating eye (Lair:5)
  5 water moccasins
  9 porcupines
  26 orc warriors
  3 black bears
  3 eyes of draining
  4 sky beasts
  5 ice beasts
  34 ogres
  2 necrophages
  19 wolves (Lair:6)
  7 boggarts
  4 phantoms
  4 centaurs
  12 crocodiles
  3 big kobolds
  22 bullfrogs
  2 earth elementals (Elf:2)
  2 wyvern skeletons
  2 scorpions
  9 killer bees
  3 electric eels
  9 wights
  5 howler monkeys
  5 crimson imps
  A bullfrog zombie (D:6)
  A quasit (D:5)
  5 hounds
  5 jellies
  18 orc wizards
  20 orc priests
  2 bullfrog skeletons
  5 centaur skeletons
  Ijyb (D:3)
  2 iguanas
  11 worker ants
  2 hound skeletons
  2 worker ant zombies
  4 gnolls
  9 adders
  2 shadow imps
  4 oozes
  2 adder skeletons
  3 worms
  7 dart slugs
  9 leopard geckos
  89 orcs
  2 ball pythons
  6 bats
  A giant cockroach (D:2)
  15 goblins
  13 hobgoblins
  9 jackals
  29 kobolds
  6 quokkas
  7 frilled lizards
  4 quokka zombies
  14 rats
  A bush (Lair:5)
  2 fungi (Lair:5)
  10 plants
  A withered plant (D:15)
1001 creatures vanquished.

Vanquished Creatures (collateral kills)
  A plant (Lair:6)
1 creature vanquished.

Vanquished Creatures (others)
  Polyphemus (Shoals:2)
  2 deep elf archers (Elf:2)
  A deep elf mage (Elf:2)
  A cyclops (Shoals:3)
  A human (D:14)
  28 fungi
  24 plants
  5 withered plants
63 creatures vanquished.

Grand Total: 1065 creatures vanquished

Notes
Turn   | Place    | Note
-------+----------+-------------------------------------------
     0 | D:1      | Freitmort the Deep Elf Fire Elementalist began the quest
                  | for the Orb.
     0 | D:1      | Reached XP level 1. HP: 10/10 MP: 6/6
   248 | D:1      | Reached XP level 2. HP: 15/15 MP: 6/8
   306 | D:1      | Learned a level 2 spell: Throw Flame
   639 | D:1      | Reached XP level 3. HP: 19/19 MP: 2/9
  1814 | D:2      | Reached XP level 4. HP: 24/24 MP: 8/11
  1844 | D:2      | Learned a level 4 spell: Sticky Flame
  2841 | D:3      | Reached skill level 4 in Spellcasting
  3120 | D:3      | Reached XP level 5. HP: 28/28 MP: 8/13
  3728 | D:3      | Noticed Ijyb
  3845 | D:2      | Learned a level 5 spell: Fireball
  3853 | D:3      | Killed Ijyb
  3853 | D:3      | Reached skill level 5 in Fire Magic
  4286 | D:4      | Noticed abdbla's ghost (amateur NaAr)
  4290 | D:4      | Found a runed translucent door.
  4320 | D:4      | You fall into a shaft and drop 2 floors!
  4442 | D:6      | Reached XP level 6. HP: 32/32 MP: 5/14
  4539 | D:6      | Reached skill level 1 in Evocations
  4767 | D:7      | Noticed a sky beast
  4814 | D:6      | Reached skill level 5 in Spellcasting
  5197 | D:5      | Entered Level 5 of the Dungeon
  5268 | D:6      | Reached XP level 7. HP: 32/36 MP: 6/16
  5821 | D:5      | Noticed Sigmund
  5834 | D:5      | Killed Sigmund
  5834 | D:5      | Reached skill level 6 in Spellcasting
  5834 | D:5      | Reached skill level 5 in Conjurations
  6179 | D:4      | Reached XP level 8. HP: 41/41 MP: 12/19
  6560 | D:4      | Reached skill level 7 in Spellcasting
  7440 | D:5      | Found a runed translucent gate.
  7440 | D:5      | Found a runed translucent gate.
  7440 | D:5      | Found a runed translucent gate.
  7440 | D:5      | Noticed sneaky's ghost (novice HaHu)
  7441 | D:5      | Noticed fritzmikael's ghost (novice OpFi)
  7768 | D:5      | Reached skill level 8 in Spellcasting
  8250 | D:5      | Found an iron altar of Okawaru.
  8464 | D:7      | Identified a scroll of acquirement
  8464 | D:7      | Identified Ruirr's Papyrus of Creative Conjuration (You
                  | acquired it on level 7 of the Dungeon)
  8472 | D:7      | Learned a level 3 spell: Static Discharge
  8495 | D:7      | Found a staircase to the Ecumenical Temple.
  8512 | D:7      | Noticed a hippogriff
  8514 | Temple   | Entered the Ecumenical Temple
  8629 | Temple   | Became a worshipper of Vehumet
  9124 | D:7      | Reached XP level 9. HP: 45/45 MP: 16/23
  9399 | D:7      | Reached skill level 9 in Spellcasting
  9719 | D:8      | Noticed Joseph
  9736 | D:8      | Reached skill level 1 in Air Magic
 10394 | D:8      | Found a staircase to the Lair.
 10601 | D:8      | Killed Joseph
 10912 | D:8      | Found a roughly hewn altar of Beogh.
 11089 | D:8      | Reached * piety under Vehumet
 11089 | D:8      | Offered knowledge of Sandblast by Vehumet.
 11120 | D:8      | Learned a level 1 spell: Sandblast
 11278 | D:9      | Reached skill level 10 in Spellcasting
 11452 | D:9      | Reached skill level 1 in Earth Magic
 11545 | D:9      | Found a runed translucent gate.
 11551 | D:9      | Found a runed translucent gate.
 11551 | D:9      | Found a runed translucent gate.
 11552 | D:9      | Found a roughly hewn altar of Beogh.
 11553 | D:9      | Identified the +4 chain mail of Ru's Scorn {rC+ MR- Regen+
                  | Str+3}
 11554 | D:9      | Noticed Thargor's ghost (novice DrGl)
 11568 | D:9      | Noticed Psyche
 12059 | D:9      | Reached XP level 10. HP: 50/50 MP: 23/26
 12109 | D:9      | Killed Psyche
 12358 | D:9      | Found a staircase to the Orcish Mines.
 12470 | D:9      | Found an opulent altar of Gozag.
 12559 | D:9      | Found Keacel's General Store.
 12796 | D:10     | Entered Level 10 of the Dungeon
 12796 | D:10     | Noticed a gargoyle
 13018 | D:10     | Noticed a two-headed ogre
 13034 | D:10     | Killed a two-headed ogre
 13034 | D:10     | Reached skill level 11 in Spellcasting
 13205 | D:10     | Noticed a two-headed ogre
 13209 | D:10     | Killed a two-headed ogre
 13297 | D:10     | Offered knowledge of Sting by Vehumet.
 13336 | D:10     | Learned a level 1 spell: Sting
 13367 | D:10     | Noticed Fannar
 13377 | D:10     | Killed Fannar
 13377 | D:10     | Reached skill level 1 in Poison Magic
 13462 | D:10     | Reached ** piety under Vehumet
 14364 | D:11     | Reached skill level 12 in Spellcasting
 14447 | D:11     | Reached XP level 11. HP: 55/55 MP: 14/29
 14578 | D:11     | Noticed an unseen horror
 14581 | D:11     | Killed an unseen horror
 14916 | D:11     | Found Riysuat's Distillery.
 15467 | D:11     | Reached skill level 5 in Earth Magic
 15508 | D:11     | Noticed Harold
 15519 | D:11     | Killed Harold
 15715 | D:11     | Offered knowledge of Ignite Poison by Vehumet.
 15994 | D:11     | Found a sacrificial altar of Ru.
 16373 | D:10     | Reached *** piety under Vehumet
 16373 | D:10     | Reached skill level 1 in Fighting
 16613 | D:11     | Learned a level 1 spell: Magic Dart
 16617 | D:11     | Learned a level 3 spell: Mephitic Cloud
 16837 | D:12     | Noticed Kirke
 16838 | D:12     | Reached skill level 10 in Conjurations
 16840 | D:12     | Reached skill level 13 in Spellcasting
 16841 | D:12     | Killed Kirke
 16841 | D:12     | Reached skill level 10 in Fire Magic
 17262 | D:12     | Offered knowledge of Throw Icicle by Vehumet.
 17268 | D:12     | Learned a level 4 spell: Throw Icicle
 17514 | D:12     | Found a glowing golden altar of the Shining One.
 17923 | Lair:1   | Entered Level 1 of the Lair of Beasts
 18060 | Lair:1   | Noticed an eight-headed hydra
 18362 | Lair:1   | Reached skill level 1 in Ice Magic
 18390 | Lair:1   | Reached skill level 5 in Stealth
 18499 | Lair:1   | Killed an eight-headed hydra
 18499 | Lair:1   | Reached XP level 12. HP: 61/61 MP: 15/31
 19240 | Lair:2   | Reached skill level 14 in Spellcasting
 19518 | Lair:2   | Found a staircase to the Shoals.
 20237 | Lair:3   | Noticed a five-headed hydra
 20244 | Lair:3   | Killed a five-headed hydra
 20601 | Lair:3   | Reached **** piety under Vehumet
 20629 | Lair:3   | Found a hole to the Spider Nest.
 20640 | Lair:3   | Offered knowledge of Bolt of Magma by Vehumet.
 20648 | Lair:3   | Learned a level 5 spell: Bolt of Magma
 21031 | Lair:3   | Noticed a five-headed hydra
 21036 | Lair:3   | Killed a five-headed hydra
 21288 | Lair:3   | Got a smoking scimitar
 21289 | Lair:3   | Identified the +5 scimitar of Valiance {holy, *Rage rF+
                  | Str+7} (You found it on level 3 of the Lair of Beasts)
 21299 | Lair:3   | Noticed a seven-headed hydra
 21302 | Lair:3   | Killed a seven-headed hydra
 21307 | Lair:3   | Reached skill level 15 in Spellcasting
 21636 | Lair:3   | Reached XP level 13. HP: 65/65 MP: 28/34
 22295 | Lair:4   | Reached skill level 5 in Ice Magic
 22602 | Lair:4   | You fall into a shaft and drop 2 floors!
 22602 | Lair:6   | Entered Level 6 of the Lair of Beasts
 22753 | Lair:5   | Reached skill level 5 in Air Magic
 23882 | Lair:5   | Reached skill level 5 in Poison Magic
 23974 | Lair:5   | Reached ***** piety under Vehumet
 23974 | Lair:5   | Offered knowledge of Bolt of Fire by Vehumet.
 24248 | Lair:5   | Found a viscous altar of Jiyva.
 24248 | Lair:5   | Found a staircase to the Slime Pits.
 24342 | Lair:5   | Learned a level 6 spell: Bolt of Fire
 26018 | Lair:6   | Reached skill level 16 in Spellcasting
 26696 | Lair:6   | Reached XP level 14. HP: 70/70 MP: 14/36
 27069 | Lair:6   | Offered knowledge of Force Lance by Vehumet.
 27910 | Orc:1    | Entered Level 1 of the Orcish Mines
 28168 | Orc:1    | Noticed Erica
 28173 | Orc:1    | Killed Erica
 28903 | Orc:2    | Entered Level 2 of the Orcish Mines
 29023 | Orc:2    | Offered knowledge of Conjure Ball Lightning by Vehumet.
 29189 | Orc:2    | Found Aklaur's General Store.
 29189 | Orc:2    | Found Bohus's Armour Boutique.
 30213 | Orc:2    | Found Ejukhlidgh's Armour Shop.
 30218 | Orc:2    | Found Yshiucuo's Antique Weapon Shop.
 30277 | Orc:2    | Reached skill level 17 in Spellcasting
 30341 | Orc:2    | Bought a +2 hat for 240 gold pieces
 30405 | Orc:2    | Found a staircase to the Elven Halls.
 31990 | D:13     | Offered knowledge of Spellforged Servitor by Vehumet.
 32536 | D:14     | Reached skill level 5 in Dodging
 32582 | D:14     | Found a flagged portal.
 32595 | D:14     | Reached XP level 15. HP: 75/75 MP: 29/38
 32656 | Bailey   | Entered a bailey
 32938 | Bailey   | Got a ruby-studded scale mail
 32940 | Bailey   | Identified the +2 scale mail "Uraeleid" {Str+2} (You found
                  | it in a bailey)
 32988 | D:14     | Noticed a sphinx
 32998 | D:14     | Killed a sphinx
 33534 | D:14     | You fall into a shaft and drop 1 floor!
 33534 | D:15     | Entered Level 15 of the Dungeon
 34131 | D:14     | Found a roughly hewn altar of Beogh.
 34474 | D:14     | Found a gate to the Vaults.
 34597 | D:14     | Found Heuth's Distillery.
 34757 | D:14     | Bought a potion of heal wounds for 75 gold pieces
 35245 | D:15     | Offered knowledge of Ozocubu's Refrigeration by Vehumet.
 35480 | D:15     | Found a staircase to the Depths.
 35852 | D:15     | Found Qesorgh's Armour Boutique.
 36269 | D:15     | Learned a level 6 spell: Freezing Cloud
 36522 | D:15     | Reached skill level 18 in Spellcasting
 37195 | Elf:1    | Entered Level 1 of the Elven Halls
 37405 | Elf:1    | Identified the Almanac of Axaxaxas mlö
 37416 | Elf:1    | Identified the Volume of Sand
 37750 | Elf:1    | Reached XP level 16. HP: 63/80 MP: 24/40
 37987 | Elf:1    | Identified the Tome of Dhcmrlchtdj
 38488 | Elf:1    | Reached skill level 15 in Conjurations
 39033 | Elf:1    | Reached skill level 10 in Air Magic
 39117 | Elf:1    | Offered knowledge of Poison Arrow by Vehumet.
 39125 | Elf:1    | Learned a level 6 spell: Poison Arrow
 39978 | Elf:1    | Reached skill level 10 in Ice Magic
 40312 | Shoals:1 | Entered Level 1 of the Shoals
 41233 | Shoals:1 | Reached skill level 19 in Spellcasting
 41836 | Shoals:1 | Reached skill level 1 in Shields
 42021 | Shoals:2 | Noticed Donald
 42024 | Shoals:2 | Killed Donald
 42030 | Shoals:2 | Noticed Polyphemus
 42036 | Shoals:2 | Killed Polyphemus
 42250 | Shoals:2 | Found a frozen archway.
 42265 | IceCv    | Entered an ice cave
 43013 | IceCv    | Noticed an Ice Fiend
 43015 | IceCv    | Killed an Ice Fiend
 43018 | IceCv    | Got a warped great sword
 43029 | IceCv    | Got a bloodstained flail
 43035 | IceCv    | Identified the +8 great sword of the Tired People {freeze,
                  | Str+4} (You found it in an ice cave)
 43036 | IceCv    | Identified the +3 flail of Zipt {drain, rPois Dex+3} (You
                  | found it in an ice cave)
 43115 | Shoals:2 | Reached XP level 17. HP: 84/84 MP: 30/42
 43341 | Shoals:2 | Found a hazy altar of Hepliaklqana.
 43718 | Shoals:2 | Found Bunwuinu's Jewellery Shoppe.
 44320 | Shoals:3 | Noticed Bai Suzhen
 44379 | Shoals:3 | Noticed Louise
 44382 | Shoals:3 | Killed Louise
 44923 | Shoals:3 | Noticed Jorgrun
 44932 | Shoals:3 | Killed Jorgrun
 45064 | Shoals:3 | Reached ****** piety under Vehumet
 45467 | Elf:2    | Found Giqum's Assorted Antiques.
 45479 | Elf:2    | Bought a thin runed staff for 396 gold pieces
 45491 | Elf:2    | Found Umitwias's Assorted Antiques.
 45644 | Elf:2    | Found Etuwes's Book Shop.
 45656 | Elf:2    | Found a runed translucent gate.
 45656 | Elf:2    | Found a runed translucent gate.
 45656 | Elf:2    | Found a runed translucent gate.
 45717 | Elf:2    | Offered knowledge of Orb of Destruction by Vehumet.
 45717 | Elf:2    | Reached skill level 15 in Fire Magic
 45969 | Elf:2    | Found the cursed +14 obsidian axe {chop, +Fly SInv *Curse}
 46056 | Elf:2    | Found Kunuhog's Book Boutique.
 46067 | Elf:2    | Bought a book of Power for 675 gold pieces
 46074 | Elf:2    | Learned a level 6 spell: Iron Shot
 46321 | Elf:2    | Bought a weird jewelled staff for 396 gold pieces
 46321 | Elf:2    | Bought a scroll labeled CENWUOROA RAMA for 33 gold pieces
 46372 | Elf:2    | Found Wuz Tuja's Jewellery Boutique.
 46386 | Elf:2    | Noticed a Brimstone Fiend
 46392 | Elf:2    | HP: 4/84 [poisoned by a +3 trident of venom]
 46877 | Elf:2    | Reached skill level 20 in Spellcasting
 48633 | Elf:2    | Noticed a Hell Sentinel
 48669 | Elf:2    | Shot with an arrow by a deep elf knight

Levels and vault maps discovered:
D:1:      nicolae_arrival_somewhat_less_tricky_arrival, layout_basic,
          minmay_distorted
D:2:      layout_loops_ring
D:3:      layout_loops_ring, first_ration, chequers_big_river,
          guppyfry_early_lair_pool, uniq_ijyb
D:4:      layout_basic, hellmonk_ghost_happy_afterlife,
          hangedman_feature_mirror, st_stairs_14
D:5:      layout_loops_corners, marbit_many_paths, enter_ossuary_4,
          gammafunk_ghost_cemetery, uniq_sigmund
D:6:      layout_basic
D:7:      layout_cave_pools, minmay_temple_entry_tees
D:8:      layout_layer_cave, lair_entry_dummy, special_room [special_room_orc],
          minmay_fountain_box, uniq_joseph
D:9:      layout_basic, orc_0_dummy, serial_shops, kennysheep_little_box,
          biasface_ghost_orc_armoury, grunt_ogre_cave, david_defended_altar_elf,
          uniq_psyche
D:10:     layout_roguey, serial_park_tiny_pond, grunt_decor_one_mirror,
          uniq_fannar
D:11:     layout_cross, serial_shops, shop, nicolae_ru_awakened_eye, uniq_harold
D:12:     layout_grid_maze, tso_metal_star, uniq_kirke
D:13:     layout_irregular_city, kennysheep_boxes
D:14:     layout_roguey [special_room_orc], ximxim_vaults_locker_room,
          enter_bailey_6, roderic_lattice_a, serial_shops, shop_fountains,
          minmay_microvault
D:15:     gammafunk_depths_entry_grave, layout_stronghold, serial_shops,
          nicolae_shop_trees
Temple:   nicolae_temple_the_god_donut
Lair:1:   layout_gridlike, chequers_serial_rivers_small_3,
          eino_small_chamber_without_monster, beast_lair_carwin_9,
          grunt_megastairs_4
Lair:2:   layout_roguey, elwin_shoals_entry_rocks
Lair:3:   kb_forest_paths, layout_regular_city, dummy_spider_entry,
          nicolae_quartered_pool_super, hibernation_bobbens
Lair:4:   layout_regular_city, minmay_holes, infiniplex_staircase_pool
Lair:5:   layout_loops_ring, slime_altar_1, disabler_island
Lair:6:   minmay_lair_end_enchanted_forest, layout_hall_layers,
          serial_bayou_pond_b, chequers_serial_rivers_small_a
Shoals:1: layout_shoals
Shoals:2: layout_shoals, portal_ice_cave_entry_pillars_four,
          minmay_shop_enchanted_jewellery, lemuel_altar_in_water, uniq_donald,
          uniq_polyphemus
Shoals:3: layout_shoals, serial_shops, shop, st_cyclops, uniq_jorgrun,
          uniq_louise, uniq_bai_suzhen, uniq_ilsuiw
Orc:1:    layout_caves, uniq_erica
Orc:2:    st_orc_open, layout_caves
Elf:1:    minmay_elf_arrival_plus, layout_loops_corners,
          hangedman_elf_represent, grunt_ministairs_13, corexii_checkpoint_a,
          bh_hangedman_babel_library
Elf:2:    layout_geoelf_octagon, serial_shops, shop, shop, shop, shop,
          shop_coins

Skill      XL: |  1  2  3  4  5  6  7  8  9 10 11 12 13 14 15 16 17 |
---------------+----------------------------------------------------+-----
Fire Magic     | 4 5 6 7 8 9 10 11 12 13 14 15 | 15.4
Dodging        | 3 4 5 |  5.2
Conjurations   | 2 3 4 5 6 8 9 10 12 13 14 15 16 | 16.7
Stealth        | 3 4 5 6 7 |  7.1
Spellcasting   | 4 5 6 8 10 12 13 15 16 17 18 19 20 | 20.4
Evocations     | 1 3 |  3.2
Air Magic      | 3 4 6 8 9 10 | 10.2
Earth Magic    | 1 4 5 6 7 |  7.1
Poison Magic   | 1 4 5 7 8 |  8.9
Fighting       | 1 2 |  2.0
Ice Magic      | 1 4 6 8 9 10 | 10.0
Shields        | 1 |  1.4
Short Blades   | |  0.4
Long Blades    | |  0.2

Action                   |  1- 3 |  4- 6 |  7- 9 | 10-12 | 13-15 | 16-18 || total
-------------------------+-------+-------+-------+-------+-------+-------++-------
Melee: Short sword       |       |       |     2 |       |       |       ||     2
 Cast: Flame Tongue      |    49 |    75 |    93 |    87 |    35 |       ||   339
       Throw Flame       |     6 |    51 |   117 |   228 |   258 |    16 ||   676
       Sticky Flame      |       |     9 |    20 |    39 |    30 |       ||    98
       Fireball          |       |       |    10 |    56 |   111 |    16 ||   193
       Static Discharge  |       |       |     7 |     4 |       |       ||    11
       Sting             |       |       |       |     2 |       |       ||     2
       Throw Icicle      |       |       |       |    26 |    47 |     5 ||    78
       Magic Dart        |       |       |       |     1 |     4 |     3 ||     8
       Bolt of Magma     |       |       |       |       |    74 |    31 ||   105
       Bolt of Fire      |       |       |       |       |   133 |   229 ||   362
       Freezing Cloud    |       |       |       |       |     3 |     3 ||     6
       Poison Arrow      |       |       |       |       |       |    23 ||    23
       Iron Shot         |       |       |       |       |       |    16 ||    16
  Use: Scroll            |     4 |    12 |     6 |     7 |    19 |    17 ||    65
       Potion            |       |       |       |     1 |     4 |    14 ||    19
  Eat: Chunk             |     3 |     6 |    13 |    14 |    27 |    18 ||    81
       Ration            |       |     2 |     3 |     6 |    12 |     8 ||    31
Armor: Robe              |     1 |     5 |    16 |    19 |    26 |     5 ||    72
Dodge: Dodged            |     4 |    33 |    31 |    79 |    93 |    40 ||   280
Block: Buckler           |       |       |       |       |    19 |    30 ||    49
       Reflection        |       |       |       |       |       |    13 ||    13
       Rpst.: Scimitar   |       |       |       |     1 |     8 |       ||     9
